 Dungeon Crawl Stone Soup version 0.20.1-1-g8b1a95d (webtiles) character file.

52 slep the Skirmisher (level 3, 0/30 HPs)
             Began as a Demonspawn Abyssal Knight on Oct 29, 2017.
             Was a Follower of Lugonu.
             Slain by a hobgoblin
             ... wielding a +0 club
             ... led by Robin
              (4 damage)
             ... on level 1 of the Dungeon.
             The game lasted 00:06:34 (1109 turns).

slep the Skirmisher (Demonspawn Abyssal Knight)     Turns: 1109, Time: 00:06:34

Health: 0/30       AC: 10    Str: 12    XL:     3   Next: 60%
Magic:  4/4        EV: 12    Int: 13    God:    Lugonu [*.....]
Gold:   99         SH:  0    Dex: 19    Spells: 2/2 levels left

rFire    . . .     SeeInvis .   a - +1 falchion
rCold    . . .     Gourm    .   (no shield)
rNeg     . . .     Faith    .   b - +0 leather armour
rPois    .         Spirit   .   f - +2 hat
rElec    .         Reflect  .   (no cloak)
rCorr    .         Harm     .   l - +2 pair of gloves
MR       .....                  (no boots)
Stlth    +.........             (no amulet)
Regen    0.1/turn               k - +6 ring of dexterity
MPRegen  0.1/turn               (no ring)

@: no status effects
A: icy blue scales 1
a: Depart the Abyss, Renounce Religion


You were on level 1 of the Dungeon.
You worshipped Lugonu.
Lugonu was aware of your devotion.
You were hungry.

You visited 1 branch of the dungeon, and saw 2 of its levels.
You visited the Abyss 1 time.

You collected 99 gold pieces.

Inventory:

Hand Weapons
 a - a +1 falchion (weapon)
Armour
 b - a +0 leather armour (worn)
 f - a +2 hat (worn)
 l - a +2 pair of gloves (worn)
Jewellery
 k - a +6 ring of dexterity (left hand)
Scrolls
 d - a scroll of blinking {unknown}
 e - a scroll of fear {unknown}
 g - a scroll of magic mapping {unknown}
 h - a scroll of identify {unknown}
Comestibles
 c - a bread ration
 i - a meat ration
 j - 7 chunks of flesh


   Skills:
 + Level 3.8 Fighting
 + Level 2.5 Long Blades
 + Level 1.9 Armour
 + Level 1.3 Dodging
 + Level 2.5 Invocations


You had 2 spell levels left.
You didn't know any spells.

Dungeon Overview and Level Annotations

Branches:
Dungeon (2/15)

Altars:


Innate Abilities, Weirdness & Mutations

You are partially covered in icy blue scales. (AC +2)


Message History

There is an escape hatch in the ceiling here.
The goblin closely misses you.
The hobgoblin hits you but does no damage.
A mysterious force pulls you upwards. The hatch slams shut behind you.
The goblin closely misses you.
You riposte.
You hit the goblin.
You kill the goblin!
Lugonu accepts your kill.
You hit the hobgoblin.
The hobgoblin is severely wounded.
The hobgoblin closely misses you.
You hit the hobgoblin but do no damage.
The hobgoblin is severely wounded.
The hobgoblin hits you but does no damage.
You barely miss the hobgoblin.
The hobgoblin is severely wounded.
The hobgoblin barely misses you.
You hit the hobgoblin.
The hobgoblin is almost dead.
The hobgoblin hits you with a club.
You die...

#............###.#.....
######.#.....######....
#.#..........###..
#.#............###
#.#..#..###.......
#.#..#............
#.)...........(...
#g##.#............
#@##.#.##########.
#.##.#.# #. #.##.#.# #.
#......# #. ######.# #.
### #. #. #. ##


You could see a hobgoblin.

Vanquished Creatures
  Robin (D:2)
  An adder (D:2)
  A worm (D:2)
  A dart slug (D:2)
  A leopard gecko (D:1)
  A giant cockroach (D:1)
  6 goblins
  3 hobgoblins
  6 kobolds
  A quokka (D:2)
  A frilled lizard (D:1)
  4 rats
27 creatures vanquished.

Notes
Turn   | Place    | Note
-------+----------+-------------------------------------------
     0 | Abyss:1  | slep the Demonspawn Abyssal Knight began the quest for the Orb.
     0 | Abyss:1  | Reached XP level 1. HP: 18/18 MP: 2/2
    40 | Abyss:1  | Noticed a large abomination
    50 | Abyss:1  | Noticed a black draconian
    54 | D:1      | Escaped the Abyss
   356 | D:1      | Reached skill level 1 in Dodging
   423 | D:1      | Gained mutation: You are partially covered in icy blue scales. (AC +2) [demonic ancestry]
   423 | D:1      | Reached XP level 2. HP: 20/24 MP: 3/3
  1003 | D:2      | Reached * piety under Lugonu
  1010 | D:2      | Reached XP level 3. HP: 28/29 MP: 4/4
  1037 | D:2      | Noticed Robin
  1077 | D:2      | HP: 1/30 [Robin/club (2)]
  1079 | D:2      | Killed Robin
  1109 | D:1      | Slain by a hobgoblin

Skill      XL: |  1  2 |
---------------+-------+-----
Dodging        | 1 |  1.3
Long Blades    | 2 |  2.5
Fighting       | |  3.8
Armour         | |  1.9
Invocations    | |  2.5

Action                   || total
-------------------------++-------
Melee: Falchion          ||    91
Invok: Depart the Abyss  ||     1
Armor: Leather armour    ||    46
Dodge: Dodged            ||    50
       Rpst.: Falchion   ||     9
